 Dungeon Crawl Stone Soup version 0.27.1-34-g3ba077fa99 (webtiles) character file.

Game seed: 11674315720402749080

2466 mcbry74 the Slicer (level 9, -9/61 HPs)
             Began as a Merfolk Brigand on Jan 28, 2022.
             Was a Priest of Trog.
             Mangled by a vampire (11 damage)
             ... on level 8 of the Dungeon.
             The game lasted 00:24:44 (9207 turns).

mcbry74 the Slicer (Merfolk Brigand)                Turns: 9207, Time: 00:24:44

Health: -9/61      AC:  6    Str: 12    XL:     9   Next: 51%
Magic:  9/9        EV: 12    Int: 10    God:    Trog [***...]
Gold:   267        SH:  0    Dex: 18    Spells: 8/8 levels left

rFire    . . .     SeeInvis .   b - +2 rapier (drain)
rCold    . . .     Faith    .   (no shield)
rNeg     . . .     Spirit   .   C - +0 steam dragon scales
rPois    .         Reflect  .   (no helmet)
rElec    .         Harm     .   J - +0 cloak
rCorr    .         Rampage  .   (no gloves)
Will     ++...                  (no boots)
Stlth    ++++......             (no amulet)
HPRegen  1.20/turn              s - +4 ring of slaying
MPRegen  0.11/turn              (no ring)

@: strong-willed, regenerating
A: (nimble swimmer 2), mertail
a: Renounce Religion, Berserk, Trog's Hand


You were on level 8 of the Dungeon.
You worshipped Trog.
Trog was most pleased with you.
You visited 1 branch of the dungeon, and saw 8 of its levels.

You collected 267 gold pieces.

Inventory:

Hand Weapons
 a - a +2 dagger
 b - a +2 rapier of draining (weapon)
 j - a +6 hand axe of freezing
Missiles
 d - 27 poisoned darts (quivered)
 e - a curare-tipped dart
 o - 83 sling bullets
 q - a throwing net
 G - 3 silver javelins
Armour
 c - a +0 cloak
 k - a +0 ring mail of willpower
 x - a +0 robe
 z - a +4 chain mail of cold resistance
 C - +0 steam dragon scales (worn)
 J - a +0 cloak (worn)
Jewellery
 s - a +4 ring of slaying (left hand)
Wands
 u - a wand of digging (8)
 w - a wand of acid (34)
 y - a wand of iceblast (20)
Scrolls
 f - 5 scrolls of identify {unknown}
 g - 2 scrolls of magic mapping {unknown}
 h - 2 scrolls of fog {unknown}
 l - 2 scrolls of teleportation {unknown}
 m - 3 scrolls of amnesia {unknown}
 n - 2 scrolls of immolation {unknown}
 r - 3 scrolls of enchant armour {unknown}
 v - a scroll of vulnerability {unknown}
 B - 2 scrolls of noise {unknown}
 F - 2 scrolls of fear {unknown}
 H - 3 scrolls of blinking {unknown}
Potions
 i - a potion of resistance {unknown}
 p - 2 potions of curing {unknown}
 t - 2 potions of degeneration {unknown}
 A - a potion of attraction {unknown}
 D - a potion of flight {unknown}
 E - a potion of heal wounds {unknown}
 I - a potion of ambrosia {unknown}


   Skills:
 - Level 2.1 Fighting
 * Level 11.7 Short Blades
 - Level 2.0 Throwing
 - Level 1.3 Dodging
 + Level 9.2 Stealth
 + Level 3.6 Evocations


You had 8 spell levels left.
You didn't know any spells.
Your spell library contained the following spells:

 Spells                   Type           Power      Damage    Failure   Level
 Magic Dart               Conj           0%         1d3       36%         1
 Summon Small Mammal      Summ           0%         N/A       36%         1
 Call Imp                 Summ           0%         N/A       50%         2
 Call Canine Familiar     Summ           0%         N/A       75%         3
 Mephitic Cloud           Conj/Pois/Air  0%         N/A       75%         3
 Summon Guardian Golem    Hex/Summ       0%         N/A       75%         3


Dungeon Overview and Level Annotations

Branches:
Dungeon (8/15)             Temple (0/1) D:5
   Lair: D:8-11

Altars:
Gozag
Hepliaklqana
Nemelex Xobeh
Trog
Vehumet
The Shining One


Innate Abilities, Weirdness & Mutations

((You are quick and stealthy near water. (Stealth+, EV+, Speed+++)))
Your lower body shifts to a powerful aquatic tail in water.


Message History

The orc hits you but does no damage.
The orc wizard gestures wildly while chanting.
The orc wizard flickers and vanishes!
Deactivating autopickup; reactivate with Ctrl-A.
Your skin crawls.
You feel strong-willed. The orc barely misses you.
You closely miss the orc. The orc barely misses you.
The vampire mumbles some strange words.
The vampire flickers and vanishes!
You puncture the orc!
You kill the orc!
Trog accepts your kill.
You puncture the orc!
You kill the orc!
Trog accepts your kill. Something hits you.
You puncture something! You miss something. Something hits you.
You hit something. Trog accepts your kill.
Trog appreciates your killing of a magic user.
Reactivating autopickup.
You feel a bit more experienced.
Deactivating autopickup; reactivate with Ctrl-A.
You closely miss something. Something hits you. Something bites you!
* * * LOW HITPOINT WARNING * * *
Something draws strength from your injuries!
You hit something but do no damage. You hit something but do no damage.
Something hits you.
* * * LOW HITPOINT WARNING * * *
Something bites you but does no damage.
You miss something. Something hits you!
* * * LOW HITPOINT WARNING * * *
Something bites you!
* * * LOW HITPOINT WARNING * * *
Something draws strength from your injuries!
You hit something but do no damage. You hit something.
Something completely misses you. Something bites you!
You die...

..# #.##.......#.. ### #.
#.##.......#.. #..
#.##.#######.. ##.########
#.##.##..[..<. ..........#
#.##.##)####.. ..........#
###.##.##.## #.. ...$......#
#..........# ###
......)..)####.#.#.........#
#........o{@...........##.#
#############.#.#...#..# #
#.#.....#..# #.#.#^#.#..#
#.#.#.#.#..# #..........#
#.. . ###


You could see an orc.

Vanquished Creatures
  Menkaure (D:7)
  A steam dragon (D:6)
  A water moccasin (D:5)
  An ice beast (D:7)
  2 necrophages
  A sky beast (D:7)
  2 black bears (D:4)
  2 centaurs
  3 ogres
  A phantom (D:5)
  A bullfrog (D:7)
  2 scorpions
  A water moccasin skeleton (D:4)
  4 orc priests
  4 hounds
  2 jellies
  A gnoll shaman (D:7)
  Crazy Yiuf (D:7)
  A centaur skeleton (D:7)
  3 iguanas
  Ijyb (D:5)
  Natasha (twice) (D:2)
  2 orc wizards
  Terence (D:2)
  2 killer bee zombies
  A hound skeleton (D:4)
  4 gnolls (D:7)
  4 adders
  4 white imps
  2 ufetubi (D:5)
  An adder zombie (D:5)
  An adder skeleton (D:4)
  A worm (D:2)
  A dart slug (D:2)
  14 orcs
  6 ball pythons
  7 endoplasms
  2 giant cockroaches
  8 goblins
  5 hobgoblins
  2 jackals (D:2)
  8 quokkas
  5 bats
  3 frilled lizards
  6 kobolds
  4 rats
132 creatures vanquished.

Vanquished Creatures (others)
  An orc wizard (D:5)
  An orc (D:6)
  A plant (D:4)
  4 toadstools (D:1)
7 creatures vanquished.

Grand Total: 139 creatures vanquished

Notes
Turn   | Place    | Note
-------+----------+-------------------------------------------
     0 | D:1      | mcbry74 the Merfolk Brigand began the quest for the Orb.
     0 | D:1      | Reached XP level 1. HP: 16/16 MP: 1/1
   206 | D:1      | Reached skill level 3 in Short Blades
   256 | D:1      | Reached XP level 2. HP: 22/22 MP: 2/2
  1225 | D:1      | Found a faded altar of an unknown god.
  1235 | D:1      | Became a worshipper of Trog the Wrathful
  1235 | D:1      | Reached * piety under Trog
  1261 | D:1      | Reached XP level 3. HP: 24/27 MP: 3/3
  1502 | D:2      | Reached skill level 4 in Short Blades
  1672 | D:2      | Noticed Natasha
  1684 | D:2      | Killed Natasha
  1685 | D:2      | Reached XP level 4. HP: 14/33 MP: 4/4
  1711 | D:2      | Noticed Natasha
  1900 | D:2      | Noticed Terence
  1938 | D:2      | Killed Terence
  1939 | D:2      | Reached skill level 5 in Stealth
  2240 | D:2      | Killed Natasha
  2241 | D:2      | Reached skill level 5 in Short Blades
  2505 | D:2      | Reached XP level 5. HP: 33/38 MP: 5/5
  2630 | D:2      | Found a sparkling altar of Nemelex Xobeh.
  2665 | D:2      | Reached ** piety under Trog
  3723 | D:4      | Noticed a necrophage
  3740 | D:4      | Killed a necrophage
  3741 | D:4      | Reached skill level 6 in Short Blades
  3741 | D:4      | Reached XP level 6. HP: 34/44 MP: 6/6
  3989 | D:4      | Reached skill level 7 in Short Blades
  4237 | D:4      | Noticed a black bear
  4768 | D:4      | Killed a black bear
  4769 | D:4      | Reached XP level 7. HP: 46/50 MP: 7/7
  4799 | D:4      | Found an opulent altar of Gozag.
  4799 | D:4      | Found a hazy altar of Hepliaklqana.
  4800 | D:4      | Found a glowing golden altar of the Shining One.
  4962 | D:5      | Entered Level 5 of the Dungeon
  4983 | D:4      | Reached skill level 8 in Short Blades
  5732 | D:5      | Found a staircase to the Ecumenical Temple.
  5769 | D:5      | HP: 2/50 [centaur/arrow (9)]
  6122 | D:5      | Reached skill level 9 in Short Blades
  6122 | D:5      | Reached XP level 8. HP: 56/56 MP: 8/8
  6489 | D:5      | Noticed Ijyb
  6710 | D:5      | Killed Ijyb
  7504 | D:6      | Reached skill level 10 in Short Blades
  7533 | D:6      | Reached *** piety under Trog
  7534 | D:6      | Reached skill level 1 in Evocations
  8340 | D:7      | Found a radiant altar of Vehumet.
  8351 | D:7      | Reached XP level 9. HP: 53/61 MP: 9/9
  8493 | D:7      | Reached skill level 11 in Short Blades
  8689 | D:7      | Noticed Menkaure
  8730 | D:7      | Killed Menkaure
  8951 | D:7      | Found a runed translucent door.
  8952 | D:7      | Noticed Crazy Yiuf
  8972 | D:7      | Killed Crazy Yiuf
  9205 | D:8      | HP: 1/61 [something (7)]
  9207 | D:8      | Mangled by a vampire

Illustrated notes

Levels and vault maps discovered:
D:1:      ldierk_walled_garden_2, layout_basic, ebering_ecumenical_altar_mist
D:2:      layout_basic, basic_altar, uniq_terence, uniq_natasha
D:3:      layout_basic
D:4:      layout_loops_ring, gammafunk_temple_overflow_forgotten
D:5:      layout_gridville, temple_fountains, minmay_checkerbox, uniq_ijyb
D:6:      layout_basic, st_stairs_3, grunt_ministairs_14
D:7:      layout_rooms, mainiacjoe_overflow_concentric_impassable,
          uniq_menkaure, uniq_crazy_yiuf_cottage
D:8:      layout_basic

Skill      XL: |  1  2  3  4  5  6  7  8  9 |
---------------+----------------------------+-----
Short Blades   | 3 4 5 6 7 9 10 11 | 11.7
Stealth        | 5 6 7 8 9 |  9.2
Evocations     | 2 3 |  3.6
Fighting       | |  2.1
Throwing       | |  2.0
Dodging        | |  1.3

Action                   |  1- 3 |  4- 6 |  7- 9 || total
-------------------------+-------+-------+-------++-------
Melee: Dagger            |    88 |   145 |    70 ||   303
       Hand axe          |       |     9 |       ||     9
       Rapier            |       |       |   139 ||   139
Throw: Dart              |       |    19 |    20 ||    39
       Throwing net      |       |       |     2 ||     2
Invok: Trog's Hand       |       |       |     3 ||     3
       Berserk           |       |       |     1 ||     1
Evoke: Wand              |       |       |     1 ||     1
 Stab: Sleeping          |    10 |    12 |     9 ||    31
       Held in net/web   |       |       |     1 ||     1
Armor: Robe              |    16 |    24 |    15 ||    55
       Steam dragon scal |       |       |    18 ||    18
Dodge: Dodged            |    49 |    66 |    89 ||   204
